TOP OF THE 1ST |
University of Miami Hurricanes batting - Pitching for University of Maine Black Bears : RHP Jimmy Hitchcock
|
Pitching: RHP Jimmy Hitchcock
|
|
Batting: LHB Brian Woods
|
0-0: Ground out 4-3 (Groundball, 4M, EV 86.2 MPH)
|
Batting: RHB Danny Diaz
|
0-0: Ball 1-0: DOUBLE (Flyball, 8RXD, EV 99.4 MPH)
|
Batting: RHB Tyler Johnson
|
0-0: Ball 1-0: Fly out, F8 (Flyball, 8RM, EV 95.0 MPH)
|
Batting: RHB Jaylen Buckley
|
0-0: Called Strike 0-1: Ball 1-1: Swinging Strike 1-2: Ball 2-2: Ground out 4-3 (Groundball, 4M, EV 110.6 MPH)
|
Top of the 1st over - 0 runs, 1 hit, 0 errors, 1 left on base; University of Miami 0 - University of Maine 0 |
BOTTOM OF THE 1ST |
University of Maine Black Bears batting - Pitching for University of Miami Hurricanes : RHP Ramon Mena
|
Pitching: RHP Ramon Mena
|
|
Batting: RHB Mark Cozens
|
0-0: Ball 1-0: Ball 2-0: SINGLE (Line Drive, 89S, EV 95.0 MPH)
|
Batting: LHB Carlos Rivera
|
0-0: Ball 1-0: Foul Ball, location: 2F 1-1: Grounds into double play, 4-6-3 (Groundball, 34, EV 87.5 MPH)
|
Batting: RHB Jim Unknown
|
0-0: Ball 1-0: Swinging Strike 1-1: Called Strike 1-2: Ball 2-2: Strikes out swinging
|
Bottom of the 1st over - 0 runs, 1 hit, 0 errors, 0 left on base; University of Miami 0 - University of Maine 0 |
TOP OF THE 2ND |
University of Miami Hurricanes batting - Pitching for University of Maine Black Bears : RHP Jimmy Hitchcock
|
Batting: RHB Rowan Prince
|
0-0: Swinging Strike 0-1: Ball 1-1: Called Strike 1-2: Strikes out looking
|
Batting: RHB Jerry Afghani
|
0-0: Ball 1-0: Called Strike 1-1: Ball 2-1: Foul Ball, location: 2F 2-2: Ground out U3 (Groundball, 34S, EV 86.9 MPH)
|
Pitching: RHP Ben Kasim
|
|
Batting: RHB Jon Ortiz
|
0-0: Called Strike 0-1: Called Strike 0-2: Ball 1-2: Ball 2-2: Strikes out swinging
|
Top of the 2nd over - 0 runs, 0 hits, 0 errors, 0 left on base; University of Miami 0 - University of Maine 0 |
BOTTOM OF THE 2ND |
University of Maine Black Bears batting - Pitching for University of Miami Hurricanes : RHP Ramon Mena
|
Batting: RHB Colin Morris
|
0-0: Ground out 4-3 (Groundball, 4, EV 81.2 MPH)
|
Batting: SHB Jeremy Milner
|
0-0: Ground out 6-3 (Groundball, 6, EV 88.1 MPH)
|
Batting: RHB Jay Mellon
|
0-0: Ground out U3 (Groundball, 34, EV 81.2 MPH)
|
Bottom of the 2nd over - 0 runs, 0 hits, 0 errors, 0 left on base; University of Miami 0 - University of Maine 0 |
TOP OF THE 3RD |
University of Miami Hurricanes batting - Pitching for University of Maine Black Bears : RHP Ben Kasim
|
Batting: RHB Brian Bell
|
0-0: Swinging Strike 0-1: Ball 1-1: Foul Ball, location: 2F 1-2: Ball 2-2: Strikes out swinging
|
Batting: LHB Jim Unknown
|
0-0: Ball 1-0: Foul Ball, location: 2F 1-1: Ball 2-1: Ground out 2-3 (Groundball, 2L, EV 63.1 MPH)
|
Batting: LHB Brian Woods
|
0-0: Foul Ball, location: 2F 0-1: Ball 1-1: SINGLE (Groundball, 5D, EV 103.8 MPH)
|
Batting: RHB Danny Diaz
|
0-0: Ball 1-0: Called Strike Brian Woods is caught stealing 2nd base 2-4
|
Top of the 3rd over - 0 runs, 1 hit, 0 errors, 0 left on base; University of Miami 0 - University of Maine 0 |
BOTTOM OF THE 3RD |
University of Maine Black Bears batting - Pitching for University of Miami Hurricanes : RHP Ramon Mena
|
Batting: RHB Geoffrey Potter
|
0-0: SINGLE (Groundball, 5D, EV 98.1 MPH)
|
Batting: RHB Geoffrey Gonzalez
|
0-0: DOUBLE (Line Drive, 78D, EV 100.6 MPH) Geoffrey Potter to third
|
Batting: RHB Bobby Leon
|
0-0: Swinging Strike 0-1: SINGLE (Line Drive, 6MD, EV 97.5 MPH) Geoffrey Potter scores Geoffrey Gonzalez to third
|
Batting: RHB Mark Cozens
|
0-0: Ball 1-0: Ball 2-0: Called Strike 2-1: Foul Ball, location: 2F 2-2: SINGLE (Groundball, 5D, EV 100.6 MPH) Geoffrey Gonzalez scores Bobby Leon to second
|
Batting: LHB Carlos Rivera
|
0-0: Hit by Pitch Bobby Leon to third Mark Cozens to second
|
Batting: RHB Jim Unknown
|
0-0: Fly out, F8 (Flyball, 8LD, EV 93.8 MPH) Runner from 3rd tags up, SCORES, throw by CF Mark Cozens to third
|
Batting: RHB Colin Morris
|
0-0: Ball Wild Pitch! Mark Cozens scores Carlos Rivera to second 1-0: Swinging Strike 1-1: Ball 2-1: Ball 3-1: Called Strike 3-2: Strikes out swinging
|
Batting: SHB Jeremy Milner
|
0-0: Ball 1-0: Foul Ball, location: 2F 1-1: Ball 2-1: Foul Ball, location: 2F 2-2: SINGLE (Groundball, 6MD, EV 96.2 MPH) Carlos Rivera to third Throwing error, E8 Carlos Rivera scores Jeremy Milner to second
|
Batting: RHB Jay Mellon
|
0-0: Called Strike 0-1: Ball 1-1: Foul Ball, location: 2F 1-2: SINGLE (Line Drive, 56D, EV 99.4 MPH) Jeremy Milner to third Runner from 3rd tries for Home, SAFE, throw by LF to home
|
Pitching: LHP Jim Unknown
|
|
Batting: RHB Geoffrey Potter
|
0-0: Called Strike 0-1: Ball 1-1: Swinging Strike 1-2: Strikes out looking
|
Bottom of the 3rd over - 6 runs, 6 hits, 1 error, 1 left on base; University of Miami 0 - University of Maine 6 |
TOP OF THE 4TH |
University of Miami Hurricanes batting - Pitching for University of Maine Black Bears : RHP Ben Kasim
|
Batting: RHB Danny Diaz
|
0-0: Called Strike 0-1: Ball 1-1: Ground out 4-3 (Groundball, 4, EV 115.0 MPH)
|
Batting: RHB Tyler Johnson
|
0-0: Fly out, F7 (Line Drive, 7D, EV 89.4 MPH)
|
Batting: RHB Jaylen Buckley
|
0-0: Ball 1-0: Ball 2-0: Called Strike 2-1: Swinging Strike 2-2: Strikes out looking
|
Top of the 4th over - 0 runs, 0 hits, 0 errors, 0 left on base; University of Miami 0 - University of Maine 6 |
BOTTOM OF THE 4TH |
University of Maine Black Bears batting - Pitching for University of Miami Hurricanes : LHP Jim Unknown
|
Batting: RHB Geoffrey Gonzalez
|
0-0: Ball 1-0: Ball 2-0: Called Strike 2-1: Ball 3-1: Base on Balls
|
Batting: RHB Bobby Leon
|
0-0: SINGLE (Groundball, 4M, EV 92.5 MPH) (infield hit) Geoffrey Gonzalez to second
|
Batting: RHB Mark Cozens
|
0-0: Foul Ball, location: 2F 0-1: Foul Ball, location: 2F 0-2: DOUBLE (Line Drive, 78XD, EV 107.5 MPH) Geoffrey Gonzalez scores Bobby Leon to third
|
Batting: LHB Carlos Rivera
|
0-0: Ball 1-0: Ball 2-0: Called Strike 2-1: Called Strike 2-2: Ball 3-2: SINGLE (Groundball, 4D, EV 104.4 MPH) Bobby Leon scores Mark Cozens to third
|
Batting: RHB Jim Unknown
|
0-0: Called Strike 0-1: Ball 1-1: Foul Ball, location: 2F 1-2: Strikes out swinging
|
Batting: RHB Colin Morris
|
0-0: Swinging Strike 0-1: Reached on error, E6 (Groundball, 6, EV 83.1 MPH) Mark Cozens scores Carlos Rivera to second
|
Batting: SHB Jeremy Milner
|
0-0: Swinging Strike 0-1: DOUBLE (Flyball, 8RXD, EV 105.0 MPH) Carlos Rivera scores Colin Morris to third
|
Batting: RHB Jay Mellon
|
0-0: Called Strike 0-1: Foul Ball, location: 2F 0-2: Ground out 6-3 (Groundball, 6, EV 86.9 MPH) Colin Morris scores
|
Pitching: RHP Jim Unknown
|
|
Batting: RHB Geoffrey Potter
|
0-0: Called Strike 0-1: Ball 1-1: Ball 2-1: Called Strike 2-2: Fly out, F8 (Flyball, 8LD, EV 98.1 MPH)
|
Bottom of the 4th over - 5 runs, 4 hits, 1 error, 1 left on base; University of Miami 0 - University of Maine 11 |
TOP OF THE 5TH |
University of Miami Hurricanes batting - Pitching for University of Maine Black Bears : RHP Ben Kasim
|
Batting: RHB Rowan Prince
|
0-0: Called Strike 0-1: Swinging Strike 0-2: Strikes out looking
|
Pitching: RHP Jim Unknown
|
|
Batting: RHB Jerry Afghani
|
0-0: Hit by Pitch
|
Batting: RHB Jon Ortiz
|
0-0: Ball Jerry Afghani steals 2nd base 1-0: Fly out, F9 (Line Drive, 9, EV 95.0 MPH) Runner from 2nd tags up, SAFE at 3rd with throw by RF
|
Batting: RHB Brian Bell
|
0-0: Ball Passed Ball! Jerry Afghani scores 1-0: Ball 2-0: Ground out 5-3 (Groundball, 5, EV 99.4 MPH)
|
Top of the 5th over - 1 run, 0 hits, 0 errors, 0 left on base; University of Miami 1 - University of Maine 11 |
BOTTOM OF THE 5TH |
University of Maine Black Bears batting - Pitching for University of Miami Hurricanes : RHP Jim Unknown
|
Batting: RHB Geoffrey Gonzalez
|
0-0: Called Strike 0-1: Ball 1-1: Fly out, F4 (Line Drive, 4, EV 71.2 MPH)
|
Batting: RHB Bobby Leon
|
0-0: Ball 1-0: Called Strike 1-1: Called Strike 1-2: Ball 2-2: Foul Ball, location: 2F 2-2: Ball 3-2: Base on Balls
|
Batting: RHB Mark Cozens
|
0-0: Ball 1-0: Reached on error, E6 (Groundball, 6, EV 87.5 MPH) Bobby Leon to second
|
Batting: LHB Carlos Rivera
|
0-0: Ball 1-0: Fly out, F7 (Flyball, 7S, EV 81.2 MPH)
|
Batting: RHB Jim Unknown
|
0-0: Ball 1-0: Called Strike 1-1: DOUBLE (Line Drive, 89M, EV 110.6 MPH) Bobby Leon scores Mark Cozens to third Runner from 3rd tries for Home, SAFE, throw by CF to home
|
Batting: RHB Colin Morris
|
0-0: Called Strike 0-1: Foul Ball, location: 2F 0-2: Ball 1-2: Fly out, F8 (Flyball, 8RD, EV 93.1 MPH)
|
Bottom of the 5th over - 2 runs, 1 hit, 1 error, 1 left on base; University of Miami 1 - University of Maine 13 |
TOP OF THE 6TH |
University of Miami Hurricanes batting - Pitching for University of Maine Black Bears : RHP Jim Unknown
|
Batting: LHB Jim Unknown
|
0-0: Ball 1-0: Fly out, F9 (Flyball, 9LM, EV 95.6 MPH)
|
Batting: LHB Brian Woods
|
0-0: Called Strike 0-1: Called Strike 0-2: Ball 1-2: Foul Ball, location: 2F 1-2: Ball 2-2: Ball 3-2: Reached via error on a dropped throw from 1B, E1 (Groundball, 34S, EV 79.4 MPH)
|
Batting: RHB Danny Diaz
|
0-0: Fly out, F8 (Flyball, 8LS, EV 91.9 MPH)
|
Batting: RHB Tyler Johnson
|
0-0: Called Strike 0-1: Called Strike 0-2: Ball 1-2: Ball 2-2: 2-RUN HOME RUN (Flyball, 9D, EV 97.5 MPH), Distance : 401 ft
|
Batting: RHB Jaylen Buckley
|
0-0: Foul Ball, location: 2F 0-1: Ground out 6-3 (Groundball, 6, EV 85.6 MPH)
|
Top of the 6th over - 2 runs, 1 hit, 1 error, 0 left on base; University of Miami 3 - University of Maine 13 |
BOTTOM OF THE 6TH |
University of Maine Black Bears batting - Pitching for University of Miami Hurricanes : RHP Jim Unknown
|
Batting: SHB Jeremy Milner
|
0-0: Called Strike 0-1: Foul Ball, location: 2F 0-2: Ball 1-2: Fly out, F6 (Popup, P, EV 79.4 MPH)
|
Batting: RHB Jay Mellon
|
0-0: Foul Ball, location: 2F 0-1: Ball 1-1: Foul Ball, location: 2F 1-2: Ball 2-2: Ball 3-2: Reached on error, E4 (Groundball, 34, EV 80.0 MPH)
|
Batting: RHB Geoffrey Potter
|
0-0: Called Strike 0-1: Ball 1-1: SINGLE (Flyball, 9S, EV 94.4 MPH) Jay Mellon to second Runner from 2nd tries for 3rd, SAFE, throw by RF made to third
|
Batting: RHB Geoffrey Gonzalez
|
0-0: Called Strike 0-1: SINGLE (Flyball, 3D, EV 91.2 MPH) Jay Mellon scores Geoffrey Potter to second
|
Batting: RHB Bobby Leon
|
0-0: Foul Ball, location: 2F 0-1: Called Strike 0-2: Ball 1-2: SINGLE (Line Drive, 89S, EV 103.1 MPH) Geoffrey Potter to third Geoffrey Gonzalez to second
|
Batting: RHB Mark Cozens
|
0-0: Fly out, F8 (Flyball, 89M, EV 92.5 MPH) Runner from 3rd tags up, SCORES, throw by CF
|
Batting: LHB Carlos Rivera
|
0-0: Ball 1-0: Called Strike 1-1: Called Strike 1-2: Ground out 4-3 (Groundball, 4S, EV 80.6 MPH)
|
Bottom of the 6th over - 2 runs, 3 hits, 1 error, 2 left on base; University of Miami 3 - University of Maine 15 |
TOP OF THE 7TH |
University of Miami Hurricanes batting - Pitching for University of Maine Black Bears : RHP Jim Unknown
|
Pinch Hitting: RHB Juan Medina
|
0-0: Ball 1-0: Ball 2-0: Foul Ball, location: 2F 2-1: Foul Ball, location: 2F 2-2: SOLO HOME RUN (Flyball, 78XD, EV 110.0 MPH), Distance : 418 ft
|
Batting: RHB Jerry Afghani
|
0-0: Ball 1-0: Ball 2-0: Ball 3-0: Called Strike 3-1: Base on Balls
|
Batting: RHB Jon Ortiz
|
0-0: Ball Jerry Afghani steals 2nd base (no throw) 1-0: Ground out 5-3 (Groundball, 56S, EV 71.9 MPH) Jerry Afghani to third
|
Batting: RHB Brian Bell
|
0-0: Ball 1-0: Swinging Strike 1-1: Ground out 6-3 (Groundball, 6, EV 107.5 MPH) Jerry Afghani scores
|
Batting: LHB Jim Unknown
|
0-0: Ball 1-0: Foul Ball, location: 2F 1-1: Foul Ball, location: 2F 1-2: Ball 2-2: Ground out 6-3 (Groundball, 6, EV 105.6 MPH)
|
Top of the 7th over - 2 runs, 1 hit, 0 errors, 0 left on base; University of Miami 5 - University of Maine 15 |
BOTTOM OF THE 7TH |
University of Maine Black Bears batting - Pitching for University of Miami Hurricanes : RHP Jim Unknown
|
Now at 1B: Juan Medina
|
|
Batting: RHB Jim Unknown
|
0-0: Reached on error, E6 (Groundball, 6, EV 85.6 MPH)
|
Batting: RHB Colin Morris
|
0-0: Called Strike 0-1: Called Strike 0-2: Ball 1-2: Ball 2-2: Fielders Choice at 2nd, 2-4 (Groundball, 15S, EV 73.1 MPH)
|
Batting: SHB Jeremy Milner
|
0-0: Ball 1-0: Ground out 5-3 (Groundball, 56S, EV 68.8 MPH) Colin Morris to second
|
Batting: RHB Jay Mellon
|
0-0: DOUBLE (Line Drive, 78XD, EV 112.5 MPH) Colin Morris scores
|
Batting: RHB Geoffrey Potter
|
0-0: Ball 1-0: Ball 2-0: Called Strike 2-1: Fly out, F7 (Flyball, 78D, EV 93.1 MPH)
|
Bottom of the 7th over - 1 run, 1 hit, 1 error, 1 left on base; University of Miami 5 - University of Maine 16 |
TOP OF THE 8TH |
University of Miami Hurricanes batting - Pitching for University of Maine Black Bears : RHP Jim Unknown
|
Batting: LHB Brian Woods
|
0-0: Ball 1-0: Ground out 4-3 (Groundball, 4S, EV 64.4 MPH)
|
Batting: RHB Danny Diaz
|
0-0: Ball 1-0: SINGLE (Flyball, 89S, EV 94.4 MPH)
|
Batting: RHB Tyler Johnson
|
0-0: Called Strike 0-1: Ball 1-1: SINGLE (Groundball, 4MD, EV 108.8 MPH) Danny Diaz to second
|
Batting: RHB Jaylen Buckley
|
0-0: Ball 1-0: Foul Ball, location: 2F 1-1: Foul Ball, location: 2F 1-2: Foul Ball, location: 2F 1-2: Ball 2-2: Fly out, F7 (Flyball, 7D, EV 104.4 MPH)
|
Pitching: RHP Jim Unknown
|
|
Batting: RHB Juan Medina
|
0-0: Ball 1-0: Ground out 6-3 (Groundball, P, EV 82.5 MPH)
|
Top of the 8th over - 0 runs, 2 hits, 0 errors, 2 left on base; University of Miami 5 - University of Maine 16 |
BOTTOM OF THE 8TH |
University of Maine Black Bears batting - Pitching for University of Miami Hurricanes : RHP Jim Unknown
|
Batting: RHB Geoffrey Gonzalez
|
0-0: Ground out 3-1 (Groundball, 34, EV 85.0 MPH)
|
Batting: RHB Bobby Leon
|
0-0: Fly out, F9 (Flyball, 9, EV 81.9 MPH)
|
Batting: RHB Mark Cozens
|
0-0: Fly out, F8 (Line Drive, 8LM, EV 97.5 MPH)
|
Bottom of the 8th over - 0 runs, 0 hits, 0 errors, 0 left on base; University of Miami 5 - University of Maine 16 |
TOP OF THE 9TH |
University of Miami Hurricanes batting - Pitching for University of Maine Black Bears : RHP Jim Unknown
|
Batting: RHB Jerry Afghani
|
0-0: Ball 1-0: Foul Ball, location: 2F 1-1: Ball 2-1: Fly out, F8 (Line Drive, 78M, EV 103.8 MPH)
|
Batting: RHB Jon Ortiz
|
0-0: Ball 1-0: SINGLE (Groundball, P, EV 81.9 MPH) (infield hit)
|
Batting: RHB Brian Bell
|
0-0: Ball 1-0: Ball 2-0: Called Strike 2-1: Foul Ball, location: 2F 2-2: Ball 3-2: Foul Ball, location: 2F 3-2: Base on Balls Jon Ortiz to second
|
Batting: LHB Jim Unknown
|
0-0: Ball 1-0: Grounds into double play, 1-6-3 (Groundball, 34S, EV 68.1 MPH)
|
Top of the 9th over - 0 runs, 1 hit, 0 errors, 1 left on base; University of Miami 5 - University of Maine 16 |
|